 Dungeon Crawl Stone Soup version 0.31.0-32-g396128a36d (webtiles) character file.

Game seed: 6403235530664046127

109 oldnick the Digger (level 4, -1/27 HPs)
             Began as an Octopode Earth Elementalist on Apr 13, 2024.
             Slain by an ufetubus (4 damage)
             ... on level 5 of the Dungeon.
             The game lasted 00:12:25 (2537 turns).

oldnick the Digger (Octopode Earth Elementalist)    Turns: 2537, Time: 00:12:26

Health: -1/27      AC:  1    Str: 13    XL:     4   Next: 90%
Magic:  1/7        EV: 13    Int: 19    God:
Gold:   165        SH:  0    Dex: 12    Spells: 1/8 levels left

rFire   . . .        v - +0 dagger of Urao {freeze, rPois Will+ SInv}
rCold   . . .        (no shield)
rNeg    . . .        (helmet restricted)
rPois   +            (no amulet)
rElec   .            l - +6 ring of strength
rCorr   .            p - ring of poison resistance
SInv    +            (no ring)
Will    +....        (no ring)
Stlth   +++          (no ring)
HPRegen 0.24/turn    (no ring)
MPRegen 0.10/turn    (no ring)
                     (no ring)

%: no passive effects
@: no status effects
A: almost no armour, amphibious, 8 rings, camouflage 1, gelatinous body 1,
(nimble swimmer 1), tentacles
a: no special abilities


You were on level 5 of the Dungeon.
You visited 1 branch of the dungeon, and saw 6 of its levels.

You collected 165 gold pieces.

Inventory:

Hand Weapons
 c - a +0 dagger of holy wrath
 v - the +0 dagger of Urao (weapon) {freeze, rPois Will+ SInv}
   (You found it on level 4 of the Dungeon)

   rPois:     It protects you from poison Will+: It increases your willpower.
   SInv:      It lets you see invisible.
Missiles
 s - 6 poisoned darts
Jewellery
 l - a +6 ring of strength (left tentacle)
 p - a ring of poison resistance (right tentacle)
Talismans
 d - a flux talisman
Scrolls
 b - 2 scrolls of immolation {unknown}
 e - 2 scrolls of identify {unknown}
 i - 2 scrolls of teleportation {unknown}
 m - a scroll of torment {unknown}
 n - a scroll of acquirement {unknown}
 q - 2 scrolls of brand weapon {unknown}
 u - a scroll of enchant weapon {unknown}
Potions
 a - a potion of magic
 f - a potion of mutation {unknown}
 g - a potion of lignification {unknown}
 h - a potion of haste {unknown}
 j - a potion of ambrosia {unknown}
 k - a potion of attraction {unknown}
 o - 2 potions of cancellation {unknown}
 r - a potion of might {unknown}
 t - a potion of curing {unknown}


   Skills:
 - Level 2.0 Dodging
 - Level 2.6 Stealth
 + Level 2.6 Spellcasting
 + Level 1.4 Conjurations
 + Level 4.9 Earth Magic


You had one spell level left.
You knew the following spells:

 Your Spells              Type           Power      Damage    Failure   Level
a - Sandblast             Erth           42%        2d11      1%          1
b - Passwall              Erth           21%        N/A       6%          3
c - Stone Arrow           Conj/Erth      28%        3d8       13%         3

Your spell library contained the following spells:

 Spells                   Type           Power      Damage    Failure   Level
 Shock                    Conj/Air       20%        1d4       12%         1
 Brom's Barrelling Bould  Conj/Erth      14%        2d4       38%         4
 Fugue of the Fallen      Necr           2%         N/A       43%         3
 Ozocubu's Armour         Ice            2%         N/A       43%         3
 Swiftness                Air            2%         N/A       43%         3
 Petrify                  Alch/Erth      11%        N/A       50%         4
 Airstrike                Air            1%         2d(1-17)  85%         4
 Manifold Assault         Tloc           2%         N/A       85%         4
 Lehudib's Crystal Spear  Conj/Erth      7%         10d3      100%        8
 Animate Armour           Summ/Erth      Unusable   N/A       N/A         4

Dungeon Overview and Level Annotations

Branches:
Dungeon (6/15)
 Temple: D:4-7

Altars:
Ashenzari
Dithmenos
Hepliaklqana
Kikubaaqudgha
Zin

Annotations:
D:3 Ijyb


Innate Abilities, Weirdness & Mutations

You cannot wear most types of armour.
You are amphibious.
You can wear up to eight rings at the same time.
Your skin changes colour to match your surroundings (Stealth+).
Your rubbery body absorbs attacks. (AC +1, EV +1)
((You are camouflaged when in or above water. (Stealth+)))
You have tentacles for arms and can constrict up to eight enemies at once.


Message History

Confirm with . or Enter, or press ? or * to list all spells.
Aiming: Sandblast (safe; 1% risk of failure)
Press: ? - help, Shift-Dir - straight line, f - ufetubus
Aim: an ufetubus (72% to hit)
The blast of sand misses the ufetubus.
The ufetubus completely misses you. The ufetubus hits you.
The ufetubus closely misses you. The ufetubus hits you.
Unknown command.
Casting: Sandblast (safe; 1% risk of failure)
Confirm with . or Enter, or press ? or * to list all spells.
Aiming: Sandblast (safe; 1% risk of failure)
Press: ? - help, Shift-Dir - straight line, f/p - ufetubus
Aim: an ufetubus (72% to hit)
The blast of sand misses the ufetubus.
The ufetubus misses you. The ufetubus closely misses you.
The ufetubus misses you. The ufetubus hits you.
Unknown command.
Casting: Sandblast (safe; 1% risk of failure)
Confirm with . or Enter, or press ? or * to list all spells.
Aiming: Sandblast (safe; 1% risk of failure)
Press: ? - help, Shift-Dir - straight line, f/p - ufetubus
Aim: an ufetubus (72% to hit)
The blast of sand hits the ufetubus.
The ufetubus is severely wounded.
The ufetubus hits you.
* * * LOW HITPOINT WARNING * * *
The ufetubus barely misses you. The ufetubus misses you. x2
The ufetubus hits you.
* * * LOW HITPOINT WARNING * * *
The ufetubus hits you.
* * * LOW HITPOINT WARNING * * *
Unknown command.
Unknown command.
Unknown command.
Casting: Sandblast (safe; 1% risk of failure)
Confirm with . or Enter, or press ? or * to list all spells.
Aiming: Sandblast (safe; 1% risk of failure)
Press: ? - help, Shift-Dir - straight line, f/p - ufetubus
Aim: an ufetubus (severely wounded, 72% to hit)
The blast of sand misses the ufetubus.
The ufetubus hits you.
You die...

###.#
####...####.###
.......>.......
####..#########
. ##..#
..###.<.##
..........#
..........#
...##....@# ..
##..5## # #####


You could see an ufetubus.

Vanquished Creatures
  3 adders
  3 ufetubi (D:6)
  A ribbon worm (D:2)
  2 dart slugs (D:2)
  6 ball pythons
  3 endoplasms
  2 giant cockroaches (D:3)
  10 goblins
  3 hobgoblins (D:1)
  4 jackals (D:4)
  2 quokkas (D:3)
  5 bats
  A frilled lizard (D:1)
  8 kobolds
  3 rats
56 creatures vanquished.

Notes
Turn   | Place    | Note
-------+----------+-------------------------------------------
     0 | D:1      | oldnick the Octopode Earth Elementalist began the quest for
                  | the Orb.
     0 | D:1      | Reached XP level 1. HP: 11/11 MP: 3/3
   389 | D:1      | Reached XP level 2. HP: 17/17 MP: 1/5
  1029 | D:2      | Reached skill level 4 in Earth Magic
  1122 | D:2      | Reached XP level 3. HP: 21/21 MP: 2/6
  1233 | D:2      | Learned a level 3 spell: Passwall
  1397 | D:2      | Reached XP level 4. HP: 27/27 MP: 4/7
  1885 | D:3      | Noticed Ijyb
  1943 | D:3      | Found a shadowy altar of Dithmenos.
  1995 | D:3      | Found an ancient bone altar of Kikubaaqudgha.
  1995 | D:3      | Found a broken altar of Ashenzari.
  1995 | D:3      | Found a glowing silver altar of Zin.
  1996 | D:3      | Found a hazy altar of Hepliaklqana.
  2063 | D:3      | Noticed a scorpion
  2087 | D:2      | Learned a level 3 spell: Stone Arrow
  2311 | D:4      | Noticed a phantom
  2414 | D:4      | Identified the +0 dagger of Urao {freeze, rPois Will+ SInv}
  2498 | D:5      | Entered Level 5 of the Dungeon
  2537 | D:5      | Slain by an ufetubus

Illustrated notes

Levels and vault maps discovered:
D:1:      amcnicky_arrival_gap_in_the_tavern_cellar, layout_basic, nrook_uturn
D:2:      layout_loops_ring, grunt_decor_junction
D:3:      layout_rooms, nicolae_dithmenos_through_a_glass_darkly,
          tso_metal_star, chequers_temple_overflow_statue_of_worship, uniq_ijyb
D:4:      layout_rooms
D:5:      nicolae_cairo_tiling, layout_loops_ring, kennysheep_mini_moat
D:6:      layout_cave_pods, lemuel_mausoleum_altar_yredelemnul,
          portal_sewer_entry_e, serial_bayou_pond_d, uniq_blork_the_orc,
          uniq_menkaure

Skill      XL: |  1  2 |
---------------+-------+-----
Earth Magic    | 4 |  4.9
Dodging        | |  2.0
Stealth        | |  2.6
Spellcasting   | |  2.6
Conjurations   | |  1.4

Action                     |  1- 3 |  4- 6 || total
---------------------------+-------+-------++-------
  Melee: Dagger            |     4 |     1 ||     5
   Cast: Sandblast         |    36 |    34 ||    70
         Passwall          |       |     1 ||     1
   Stab: Sleeping          |     4 |     1 ||     5
 Armour: Skin              |     2 |    14 ||    16
  Dodge: Dodged            |     1 |    17 ||    18
